Workbook

Sheet Budget Worksheet
E1: Income Date | F1: ='Budget Sheet Info'!B2 -> 42491.885 | G1: =F1+'Budget Sheet Info'!B1 -> 42498.885 | H1: =G1+'Budget Sheet Info'!B1 -> 42505.885 | I1: =H1+'Budget Sheet Info'!B1 -> 42512.885 | J1: =I1+'Budget Sheet Info'!B1 -> 42519.885 | K1: =J1+'Budget Sheet Info'!B1 -> 42526.885 | L1: =K1+'Budget Sheet Info'!B1 -> 42533.885 | M1: =L1+'Budget Sheet Info'!B1 -> 42540.885 | N1: =M1+'Budget Sheet Info'!B1 -> 42547.885 | O1: =N1+'Budget Sheet Info'!B1 -> 42554.885 | P1: =O1+'Budget Sheet Info'!B1 -> 42561.885 | Q1: =P1+'Budget Sheet Info'!B1 -> 42568.885 | R1: =Q1+'Budget Sheet Info'!B1 -> 42575.885 | S1: =R1+'Budget Sheet Info'!B1 -> 42582.885 | T1: =S1+'Budget Sheet Info'!B1 -> 42589.885 | U1: =T1+'Budget Sheet Info'!B1 -> 42596.885 | V1: =U1+'Budget Sheet Info'!B1 -> 42603.885 | W1: =V1+'Budget Sheet Info'!B1 -> 42610.885 | X1: =W1+'Budget Sheet Info'!B1 -> 42617.885 | Y1: =X1+'Budget Sheet Info'!B1 -> 42624.885 | Z1: =Y1+'Budget Sheet Info'!B1 -> 42631.885 | AA1: =Z1+'Budget Sheet Info'!B1 -> 42638.885 | AB1: =AA1+'Budget Sheet Info'!B1 -> 42645.885 | AC1: =AB1+'Budget Sheet Info'!B1 -> 42652.885 | AD1: =AC1+'Budget Sheet Info'!B1 -> 42659.885 | AE1: =AD1+'Budget Sheet Info'!B1 -> 42666.885 | AF1: =AE1+'Budget Sheet Info'!B1 -> 42673.885 | AG1: =AF1+'Budget Sheet Info'!B1 -> 42680.885 | AH1: =AG1+'Budget Sheet Info'!B1 -> 42687.885 | AI1: =AH1+'Budget Sheet Info'!B1 -> 42694.885 | AJ1: =AI1+'Budget Sheet Info'!B1 -> 42701.885 | AK1: =AJ1+'Budget Sheet Info'!B1 -> 42708.885 | AL1: =AK1+'Budget Sheet Info'!B1 -> 42715.885 | AM1: =AL1+'Budget Sheet Info'!B1 -> 42722.885
E2: Balance Forward | F2: ='Budget Sheet Info'!B3 -> 400 | G2: =SUM(F2:F23,F24:F27) -> 225 | H2: =SUM(G2:G23,G24:G27) -> -25 | I2: =SUM(H2:H23,H24:H27) -> 275 | J2: =SUM(I2:I23,I24:I27) -> 75 | K2: =SUM(J2:J23,J24:J27) -> 75 | L2: =SUM(K2:K23,K24:K27) -> -25 | M2: =SUM(L2:L23,L24:L27) -> 125 | N2: =SUM(M2:M23,M24:M27) -> -75 | ... AM2: =SUM(AL2:AL23,AL24:AL27) -> 775
E3: Weekly Paycheck | F3: 400 | G3: 400 | H3: 400 | I3: 400 | J3: 400 | K3: 400 | L3: 400 | M3: 400 | N3: 400 | O3: 400 | P3: 400 | Q3: 400 | R3: 400
E4: Other Income | J4: 150
E5: To Savings | F5: -25 | K5: 100
C6: Date | D6: $$ | E6: Bills Section 1
C7: 9th | D7: -50 | E7: Auto Insurance | F7: -50 | J7: -50 | O7: -50
C8: 7th | D8: -100 | E8: Phone | F8: -100 | J8: -100 | O8: -100
C9: 15th | D9: -50 | E9: Gym | G9: -50 | K9: -50 | P9: -50
C10: 15th | D10: -100 | E10: Tithe | G10: -100 | K10: -100 | P10: -100
C11: 30th | D11: -500 | E11: Rent | I11: -500 | M11: -500
E14: Credit Report Bills
C15: 12th | D15: -100 | E15: Mastercard | G15: -100 | K15: -100 | O15: -100
C16: 17th | D16: -150 | E16: Student Loan | G16: -150 | L16: -150 | P16: -150
C17: 9th | D17: -300 | E17: Car Note | F17: -300 | J17: -300 | O17: -300
B19: Total Bills | D19: =SUM(D7:D18) * -1 -> 1350 | E19: Misc Spending
E20: Gas | F20: -40 | G20: -40 | H20: -40 | I20: -40 | J20: -40 | K20: -40 | L20: -40 | M20: -40 | N20: -40 | O20: -40 | P20: -40
E21: Food | F21: -60 | G21: -60 | H21: -60 | I21: -60 | J21: -60 | K21: -60 | L21: -60 | M21: -60 | N21: -60 | O21: -60 | P21: -60
E22: Entertainment | G22: -150
C24: Add Additional Spending to the 'Misc' Category | K24: Vacation
C25: And LOG the individual items here =====>> | K25: -250
E28: Week Ending Balance | F28: =SUM(F2:F23,F24:F27) -> 225 | G28: =SUM(G2:G23,G24:G27) -> -25 | H28: =SUM(H2:H23,H24:H27) -> 275 | I28: =SUM(I2:I23,I24:I27) -> 75 | J28: =SUM(J2:J23,J24:J27) -> 75 | K28: =SUM(K2:K23,K24:K27) -> -25 | L28: =SUM(L2:L23,L24:L27) -> 125 | M28: =SUM(M2:M23,M24:M27) -> -75 | ... AM28: =SUM(AM2:AM23,AM24:AM27) -> 775

Sheet Budget Sheet Info
A1: Schedule Frequency | B1: 7 | E1: Payment Schedule | F1: Weekly | G1: 7
A2: Schedule Begin | B2: =NOW() -> 42491.885 | C2: <<-- Insert Start Date Here | F2: BiWeekly | G2: 14
A3: Beginning Balance | B3: 400
A6: Add income as positive numbers | B6: 400
A7: add bills as negative numbers | B7: -350
A9: I began using my budget forecasting spreadsheet about four years ago to get a handle on my finances. It is so liberating to be able to see how decisions I make today will affect my finances weeks and even months out. After using the tool every week, I have decided to build it into a web application and potentially a mobile app. If you are interested in trying the tool out once it is ready, please sign up for notifications.
